 Dungeon Crawl Stone Soup version 0.28-a0-535-g6f645e4c1d (webtiles) character file.

Game seed: 8095960430086704660

46 shoop the Grasshopper (level 3, -1/18 HPs)
             Began as a Vine Stalker Warper on Sept 26, 2021.
             Succumbed to an adder's poison
             ... on level 2 of the Dungeon.
             The game lasted 00:03:15 (1409 turns).

shoop the Grasshopper (Vine Stalker Warper)         Turns: 1409, Time: 00:03:15

Health: -1/18      AC:  4    Str: 13    XL:     3   Next: 68%
Magic:  0/7        EV: 12    Int: 14    God:
Gold:   68         SH:  0    Dex: 19    Spells: 4/6 levels left

rFire   . . .      SeeInvis .   a - +1 dagger (drain)
rCold   . . .      Faith    .   (no shield)
rNeg    . . .      Spirit   +   b - +0 leather armour
rPois   .          Reflect  .   (no helmet)
rElec   .          Harm     .   (no cloak)
rCorr   .          Rampage  .   (no gloves)
Will    .....                   m - +0 pair of boots
Stlth   ++........              (no amulet)
HPRegen 0.06/turn               j - +6 ring of dexterity
MPRegen 0.10/turn               (no ring)

@: lethally poisoned (-1 -> -11), flying
A: fangs 2, magic shield, antimagic bite, no potion heal 2
a: no special abilities


You were on level 2 of the Dungeon.
You visited 1 branch of the dungeon, and saw 2 of its levels.

You collected 68 gold pieces.

Inventory:

Hand Weapons
 a - a +1 dagger of draining (weapon)
 i - a +0 short sword
Missiles
 d - 5 boomerangs of dispersal
 e - 16 poisoned darts (quivered)
Armour
 b - a +0 leather armour (worn)
 m - a +0 pair of boots (worn)
Jewellery
 j - a +6 ring of dexterity (left hand)
Scrolls
 f - a scroll of acquirement {unknown}
 g - a scroll of fear {unknown}
 k - a scroll of identify {unknown}


   Skills:
 - Level 2.0 Fighting
 * Level 3.0 Short Blades
 - Level 1.0 Throwing
 - Level 1.0 Armour
 + Level 1.8 Dodging
 + Level 1.1 Stealth
 - Level 2.1 Spellcasting
 - Level 3.0 Translocations


You had 4 spell levels left.
You knew the following spells:

 Your Spells              Type           Power      Damage    Failure   Level
b - Blink                 Tloc           N/A        N/A       13%         2

Your spell library contained the following spells:

 Spells                   Type           Power      Damage    Failure   Level
 Gell's Gravitas          Tloc           4%         N/A       26%         3
 Lesser Beckoning         Tloc           9%         N/A       26%         3
 Teleport Other           Tloc           9%         N/A       26%         3
 Manifold Assault         Tloc           9%         N/A       94%         5


Dungeon Overview and Level Annotations

Branches:
Dungeon (2/15)

Altars:


Innate Abilities, Weirdness & Mutations

You have extremely sharp teeth.
When hurt, damage is shared between your health and your magic reserves.
Your bite disrupts and absorbs the magic of your enemies.
Potions cannot restore your health.


Message History

The adder bites you.
You are poisoned.
The adder poisons you!
You feel sick.
You feel sick.
You feel sick. The adder bites you.
You are lethally poisoned!
The adder poisons you! The adder bites you but does no damage.
You feel sick.
* * * LOW HITPOINT WARNING * * *
You feel sick. The adder misses you.
It was a potion of curing.
Your system rejects the healing.
You feel better. The adder bites you but does no damage.
You closely miss the adder. You bite the adder. You drain its power.
You feel invigorated.
The adder is heavily wounded.
The adder barely misses you. The adder closely misses you.
You barely miss the adder. Your bite misses the adder.
The adder is heavily wounded.
The adder bites you.
* * * LOW HITPOINT WARNING * * *
The adder bites you.
* * * LOW HITPOINT WARNING * * *
You miss the adder. You bite the adder. You drain its power.
You feel invigorated.
The adder is almost dead.
The adder bites you but does no damage. The adder misses you.
It was a potion of flight.
You feel very buoyant.
You fly up into the air.
The adder barely misses you. The adder bites you.
* * * LOW HITPOINT WARNING * * *
You are lethally poisoned!
The adder poisons you! The adder bites you.
You are more poisoned.
The adder poisons you! The adder bites you.
* * * LOW HITPOINT WARNING * * *
Blink to where?
Press: ? - help, Dir - move target
As you read the scroll of blinking, it crumbles to dust.
You die...

#.gS###.....
#..#§..##
....#S.⌠.8#
......#.⌠..######
.######...#_#8#.#
#.#8#∩#...#
#..###..⌠.#
#...#8.⌠..#
#@##.#...#.#
#.##<.###.....
#.###.....####
#.# ###...# #.#
...# #.# ..# ...
..# #.. ##


You could see an adder.

Vanquished Creatures
  A worm (D:2)
  3 dart slugs (D:1)
  An endoplasm (D:1)
  4 giant cockroaches
  3 goblins
  4 hobgoblins
  3 jackals (D:1)
  3 ball pythons (D:1)
  4 bats (D:1)
  3 frilled lizards (D:1)
  4 kobolds (D:1)
  3 rats (D:1)
36 creatures vanquished.

Notes
Turn   | Place    | Note
-------+----------+-------------------------------------------
     0 | D:1      | shoop the Vine Stalker Warper began the quest for the Orb.
     0 | D:1      | Reached XP level 1. HP: 11/11 MP: 4/4
   269 | D:1      | Reached XP level 2. HP: 12/15 MP: 6/6
   272 | D:1      | Learned a level 2 spell: Blink
   390 | D:1      | Reached skill level 1 in Throwing
   743 | D:1      | Reached XP level 3. HP: 14/18 MP: 7/7
   853 | D:1      | Reached skill level 1 in Armour
  1185 | D:1      | Reached skill level 1 in Stealth
  1364 | D:2      | Found a faded altar of an unknown god.
  1409 | D:2      | Succumbed to an adder's poison

Illustrated notes

Levels and vault maps discovered:
D:1:      enne_arrival_octagon_isle, layout_loops_ring
D:2:      layout_loops_ring, shapermc_ecumenical_altar_venn, st_stairs_9

Skill      XL: |  1  2  3 |
---------------+----------+-----
Short Blades   | 2 3 |  3.0
Throwing       | 1 |  1.0
Armour         | 1 |  1.0
Fighting       | 2 |  2.0
Stealth        | 1 |  1.1
Dodging        | |  1.8
Spellcasting   | |  2.1
Translocations | |  3.0

Action                   || total
-------------------------++-------
Melee: Short sword       ||    73
       Bite              ||    25
       Dagger            ||    36
Throw: Dart              ||     6
 Cast: Blink             ||     2
  Use: Potion            ||     2
       Scroll            ||     1
 Stab: Distracted        ||     1
       Sleeping          ||     1
Armor: Leather armour    ||    31
Dodge: Dodged            ||    66

Table legend: (Time is in decaauts)
 A = Elapsed time spent in this place.
 B = Non-inter-level travel time spent in this place.
 C = Inter-level travel time spent in this place.
 D = Time resting spent in this place.
 E = Time spent auto-exploring this place.
 F = Levels seen in this place.
 G = Mean time per level.
                   A        B        C        D        E       F      G
               +--------+--------+--------+--------+--------+-----+--------+
         Total |   1401 |   1350 |     51 |      0 |   1032 |   2 |  700.5 |
       Dungeon |   1401 |   1350 |     51 |      0 |   1032 |   2 |  700.5 |
               +--------+--------+--------+--------+--------+-----+--------+

Top non-repeatable levels by time:
     D:1: 1348 daAuts
     D:2: 52 daAuts
